 Dungeon Crawl Stone Soup version 0.20.1-1-g8b1a95d (console) character file.

114 bli the Skirmisher (level 5, 0/43 HPs)
             Began as a Formicid Abyssal Knight on Aug 6, 2017.
             Was a Believer of Lugonu.
             Slain by a worker ant (3 damage)
             ... on level 3 of the Dungeon.
             The game lasted 00:09:14 (2916 turns).

bli the Skirmisher (Formicid Abyssal Knight)        Turns: 2916, Time: 00:09:15

Health: 0/43       AC:  3    Str: 17    XL:     5   Next: 19%
Magic:  6/6        EV: 11    Int: 13    God:    Lugonu [**....]
Gold:   181        SH:  0    Dex: 11    Spells: 4/4 levels left

rFire    . . .     SeeInvis +   a - +1 spear
rCold    . . .     Gourm    .   (no shield)
rNeg     . . .     Faith    .   b - +0 leather armour
rPois    .         Spirit   .   (helmet unavailable)
rElec    .         Reflect  .   (no cloak)
rCorr    .         Harm     .   (no gloves)
MR       .....                  (no boots)
Stlth    +.........             (no amulet)
Regen    0.2/turn               k - +2 ring of intelligence
MPRegen  0.1/turn               (no ring)

@: lethally poisoned (0 -> -13)
A: permanent stasis, dig shafts and tunnels, four strong arms, antennae 3
a: Dig, Shaft Self, Depart the Abyss, Bend Space, Renounce Religion


You were on level 3 of the Dungeon.
You worshipped Lugonu.
Lugonu was pleased with you.
You were hungry.

You visited 1 branch of the dungeon, and saw 3 of its levels.
You visited the Abyss 1 time.

You collected 181 gold pieces.

Inventory:

Hand Weapons
 a - a +1 spear (weapon)
 e - a +2 dagger of draining
Missiles
 h - 93 stones (quivered)
Armour
 b - a +0 leather armour (worn)
 d - a +0 pair of gloves
 r - a +0 large shield
Jewellery
 k - a +2 ring of intelligence (left hand)
Scrolls
 f - a scroll of remove curse
 l - a scroll of recharging {unknown}
 n - a scroll of fear {unknown}
 o - a scroll of random uselessness {unknown}
 q - 2 scrolls of fog
Potions
 i - a potion of might {unknown}
 s - a potion of lignification
Comestibles
 c - 4 bread rations
 g - a fruit
 j - a royal jelly
 t - a meat ration


   Skills:
 * Level 4.4 Fighting
 + Level 3.3 Polearms
 + Level 2.5 Armour
 + Level 1.4 Dodging
 + Level 1.0 Stealth
 * Level 0.8 Shields
 + Level 2.2 Invocations


You had 4 spell levels left.
You didn't know any spells.

Dungeon Overview and Level Annotations

Branches:
Dungeon (3/15)

Altars:


Innate Abilities, Weirdness & Mutations

You cannot be hasted, slowed, berserked, paralysed or teleported.
You can dig through walls and to a lower floor.
Your four strong arms can wield two-handed weapons with a shield.
You have a pair of large antennae on your head. (SInv)


Message History

* * * LOW HITPOINT WARNING * * *
You hit the worker ant but do no damage.
The worker ant is heavily wounded.
The worker ant misses you.
You closely miss the worker ant.
The worker ant is heavily wounded.
You feel sick. The worker ant misses you.
You hit the worker ant but do no damage.
The worker ant is heavily wounded.
The worker ant barely misses you.
You hit the worker ant but do no damage.
The worker ant is heavily wounded.
You feel sick. The worker ant closely misses you.
You closely miss the worker ant.
The worker ant is heavily wounded.
The worker ant bites you.
* * * LOW HITPOINT WARNING * * *
You are more poisoned.
The worker ant poisons you! The worker ant bites you.
You die...

...#.#.#.##.............. ......
......#.#............... .......
..#....#......⌠≈≈≈≈⌠... .......#
#.#....#......≈≈≈≈≈≈...
.......####.#<...'......≈≈≈≈≈≈...
.................'......≈≈≈≈≈≈...
.................#......≈≈≈≈≈≈...
..............#..#......⌠≈≈≈≈⌠...
..............##.#...............
...............#.##..............
...............a@.##.............
.......###.....##.###............
##...#...#.....# +# ##..........#
##................ ##........##
#.......%.......... ####++####.
#................... ........<
#........#.......... .........
#........#.......... .........
#........# ..... #########.
#........# ..... ..........
#........# .... #########.


You could see a worker ant.

Vanquished Creatures
  3 adders
  2 oozes
  2 worms (D:2)
  4 dart slugs
  2 leopard geckos
  9 bats
  A giant cockroach (D:1)
  6 hobgoblins
  3 jackals
  9 kobolds
  A quokka (D:2)
  4 frilled lizards
  12 goblins
  6 rats
64 creatures vanquished.

Notes
Turn   | Place    | Note
-------+----------+-------------------------------------------
     0 | Abyss:1  | bli the Formicid Abyssal Knight began the quest for the Orb.
     0 | Abyss:1  | Reached XP level 1. HP: 18/18 MP: 2/2
    37 | Abyss:1  | Noticed a small abomination
    43 | Abyss:1  | Noticed a neqoxec
    44 | D:1      | Escaped the Abyss
   286 | D:1      | Reached skill level 1 in Dodging
   286 | D:1      | Reached XP level 2. HP: 22/24 MP: 3/3
   315 | D:1      | Reached skill level 1 in Stealth
   372 | D:1      | Reached * piety under Lugonu
   504 | D:1      | Reached XP level 3. HP: 21/30 MP: 4/4
  1128 | D:2      | Reached skill level 4 in Fighting
  1853 | D:2      | Reached XP level 4. HP: 36/37 MP: 5/5
  1899 | D:2      | Reached ** piety under Lugonu
  2543 | D:3      | Reached XP level 5. HP: 43/43 MP: 6/6
  2916 | D:3      | Slain by a worker ant

Skill      XL: |  1  2  3  4 |
---------------+-------------+-----
Dodging        | 1 |  1.4
Stealth        | 1 |  1.0
Fighting       | 4 |  4.4
Polearms       | 3 |  3.3
Armour         | |  2.5
Shields        | |  0.8
Invocations    | |  2.2

Action                   |  1- 3 |  4- 6 || total
-------------------------+-------+-------++-------
Melee: Spear             |   133 |   153 ||   286
       Hand axe          |       |     9 ||     9
Invok: Depart the Abyss  |     1 |       ||     1
       Bend Space        |       |     1 ||     1
 Abil: Dig               |     1 |       ||     1
  Use: Scroll            |       |     5 ||     5
       Potion            |       |     2 ||     2
  Eat: Chunk             |     3 |     3 ||     6
Armor: Leather armour    |    19 |    48 ||    67
Dodge: Dodged            |    61 |   100 ||   161
